 Dungeon Crawl Stone Soup version 0.26-a0-663-g36e8fdb655 (webtiles) character file.

Game seed: 11703027536126093292

49427 zazu2006 the Covert (level 14, -7/126 HPs)
             Began as a Naga Hedge Wizard on Oct 10, 2020.
             Was a High Priest of Vehumet.
             Killed by divine providence
             ... invoked by a meliai
              (12 damage)
             ... on level 14 of the Dungeon.
             The game lasted 01:11:11 (29773 turns).

zazu2006 the Covert (Naga Hedge Wizard)            Turns: 29773, Time: 01:11:11

Health: -7/126     AC: 19    Str: 19    XL:     14   Next: 50%
Magic:  12/26      EV: 11    Int: 21    God:    Vehumet [*****.]
Gold:   1889       SH:  5    Dex: 11    Spells: 11/30 levels left

rFire    . . .     SeeInvis +   z - +4 scimitar
rCold    + . .     Faith    .   r - +0 buckler
rNeg     . . .     Spirit   .   a - +4 ring mail {rC+}
rPois    +         Reflect  .   h - +2 hat
rElec    .         Harm     .   B - +0 cloak
rCorr    +         Rampage  .   (no gloves)
MR       +....                  (no barding)
Stlth    +++++.....             (no amulet)
HPRegen  0.31/turn              x - ring of Rationality {rPois rCorr Str+4 Int+4}
MPRegen  0.20/turn              F - +4 ring of protection

@: very slow
A: large, see invisible, deformed body, poison resistance, slowness 2, spit
poison 1, constrict 1, AC +4
a: Spit Poison, Renounce Religion


You were on level 14 of the Dungeon.
You worshipped Vehumet.
Vehumet was extremely pleased with you.
You visited 4 branches of the dungeon, and saw 19 of its levels.
You also visited: Ice Cave.

You collected 1919 gold pieces.
You spent 30 gold pieces at shops.

Inventory:

Hand Weapons
 z - a +4 scimitar (weapon)
Missiles
 g - 80 poisoned darts (quivered)
Armour
 a - a +4 ring mail of cold resistance (worn)
 h - a +2 hat (worn)
 r - a +0 buckler (worn)
 B - a +0 cloak (worn)
 I - a +0 leather armour of fire resistance
Jewellery
 x - the ring of Rationality (left hand) {rPois rCorr Str+4 Int+4}
   (You found it on level 10 of the Dungeon)

   [ring of resist corrosion]

   It affects your strength (+4).
   It affects your intelligence (+4).
   It protects you from poison.
   It provides partial protection from all sources of acid and corrosion.
 F - a +4 ring of protection (right hand)
Wands
 d - a wand of polymorph (7)
 f - a wand of acid (25)
 t - a wand of random effects (2)
 A - a wand of flame (101)
 E - a wand of enslavement (8)
Scrolls
 b - 11 scrolls of remove curse
 e - 6 scrolls of teleportation
 i - 5 scrolls of fog {unknown}
 k - 3 scrolls of enchant weapon {unknown}
 l - 6 scrolls of fear
 m - 5 scrolls of blinking {unknown}
 n - 2 scrolls of identify
 q - a scroll of noise {unknown}
 s - 6 scrolls of enchant armour {unknown}
 y - a scroll of amnesia
 D - a scroll of torment {unknown}
Potions
 o - a potion of berserk rage
 p - 6 potions of curing
 u - 5 potions of heal wounds
 v - 2 potions of brilliance
 w - 2 potions of flight
 C - 4 potions of haste
 G - a potion of mutation {unknown}
Miscellaneous
 c - a box of beasts (3/3)
 j - a phial of floods
 H - a lightning rod (4/4)
 M - a tin of tremorstones (3/3)


   Skills:
 + Level 8.2 Fighting
 + Level 11.7 Long Blades
 + Level 5.6 Armour
 + Level 5.5 Dodging
 + Level 13.5 Stealth
 + Level 6.1 Shields
 + Level 8.6 Spellcasting
 + Level 6.6 Conjurations
   Level 1.0 Summonings
 + Level 2.9 Translocations
 + Level 5.4 Fire Magic
 + Level 0.1 Ice Magic
 + Level 3.7 Air Magic
 + Level 1.3 Earth Magic
 + Level 6.5 Poison Magic
 + Level 1.4 Evocations


You had 11 spell levels left.
You knew the following spells:

 Your Spells              Type           Power        Failure   Level
a - Magic Dart            Conj           ####         1%          1
b - Mephitic Cloud        Conj/Pois/Air  ####....     1%          3
c - Conjure Flame         Conj/Fire      ####....     1%          3
d - Blink                 Tloc           N/A          5%          2
e - Shock                 Conj/Air       ####         1%          1
f - Hailstorm             Conj/Ice       ###.....     9%          4
g - Bolt of Magma         Conj/Fire/Erth ####......   13%         5

Your spell library contained the following spells:

 Spells                   Type           Power        Failure   Level
 Conjure Ball Lightning   Conj/Air       ####......   45%         6
 Static Discharge         Conj/Air       ####....     1%          3
 Poisonous Vapours        Pois/Air       ####..       2%          2
 Dazzling Flash           Conj/Hex       ###...       2%          3
 Iskenderun's Battlesphe  Conj           #####...     6%          5
 Airstrike                Air            ###.......   7%          4
 Corona                   Hex            #......      12%         1
 Call Imp                 Summ           ##......     12%         2
 Ensorcelled Hibernation  Hex/Ice        #.....       19%         2
 Slow                     Hex            #.......     19%         2
 Confusing Touch          Hex            #.......     36%         3
 Tukima's Dance           Hex            #.......     36%         3
 Iron Shot                Conj/Erth      ####......   63%         6
 Petrify                  Tmut/Erth      ##......     65%         4
 Freezing Cloud           Conj/Ice/Air   ###.......   69%         6
 Ice Form                 Ice/Tmut       #.......     75%         4
 Orb of Destruction       Conj           #####.....   82%         7
 Metabolic Englaciation   Hex/Ice        #.........   97%         5
 Ozocubu's Refrigeration  Ice            #.........   98%         6
 Spellforged Servitor     Conj/Summ      ####......   99%         7
 Simulacrum               Ice/Necr       #.........   100%        6
 Tornado                  Air            ###.......   100%        9


Dungeon Overview and Level Annotations

Branches:
Dungeon (14/15)            Temple (1/1) D:6            Lair (2/6) D:8
    Orc (2/2) D:9             Elf (0/3) Orc:2         IceCv (visited)
  Swamp: Lair:2-4    Shoals: Lair:2-4     Snake: Lair:2-4    Spider: Lair:2-4
 Vaults: D:13-14

Altars:
Cheibriados
Elyvilon
Fedhas
Gozag
Hepliaklqana
Nemelex Xobeh
Qazlal
Ru
Sif Muna
Trog
Uskayaw
Vehumet
Yredelemnul
Zin
The Shining One
Beogh

Shops:
D:6 (   D:14 (!*   Orc:2 =*

Annotations:
D:4 1 runed translucent door, Zenkrye's ghost, amateur KoHu
D:14 Roxanne
Lair:1 3 runed translucent doors, jejorda2's ghost, journeyman MiGl
Orc:2 Saint Roka


Innate Abilities, Weirdness & Mutations

You cannot wear boots.
Your serpentine skin is tough. (AC +4)
You have supernaturally acute eyesight. (SInv)
Armour fits poorly on your strangely shaped body.
Your system is resistant to poisons. (rPois)
You cover ground very slowly.
You can spit poison.
You can use your snake-like lower body to constrict enemies.


Message History

You slash the skeletal warrior!
The skeletal warrior is severely damaged.
You constrict the skeletal warrior.
The meliai calls down the wrath of its god upon you.
Something smites you!
* * * LOW HITPOINT WARNING * * *
A skeletal warrior comes into view. It is wielding a +0 hand axe.
The skeletal warrior is engulfed in blazing flames.
The skeletal warrior hits you with a +0 war axe!
* * * LOW HITPOINT WARNING * * *
You hear an angry buzzing noise.
Casting: Bolt of Magma (dangerous; 13% risk of failure)
Confirm with . or Enter, or press ? or * to list all spells.
You blink.
You lose your grip on the skeletal warrior.
A killer bee comes into view.
You hear an angry buzzing noise.
The meliai calls down the wrath of its god upon you.
Something smites you!
You die...

#( #.# #.# ##.#
##########.## #(#
#...##...........### #.#
#..#.#........†..########.#
##.................§zouu.u#
♣#..#.##.............##z##.#
+#♣.....##.#####..#.####
##)# .♣♣.######.# #......# #
##.# ....# #.#
#@.#.#.###.##u# ....#
#.#####y.....(.)u.uu# #.###
#........#.#.###.##.# #.#
#...##y####.........# #.#
#.#....+ ###.......# #..
#.#..#.+ #.......# ##.
#.#....+ ........# ..
..####.# #.?.....# .# .##
+.. #.......#


You could see a skeletal warrior, a meliai and a killer bee.

Vanquished Creatures
  Jorgrun (D:13)
  Frances (D:14)
  A frost giant (IceCv)
  2 hydras
  Fannar (D:11)
  A boulder beetle (D:11)
  Harold (D:11)
  2 centaur warriors (D:14)
  4 two-headed ogres
  2 death yaks (IceCv)
  2 skeletal warriors (D:14)
  4 unseen horrors
  A wizard (D:12)
  Pikel (D:4)
  An orc sorcerer (Orc:2)
  3 ugly things
  Maurice (D:8)
  A manticore (D:13)
  Joseph (D:7)
  An ice statue (IceCv)
  3 black mambas
  3 gargoyles
  3 cane toads
  A torpor snail (Lair:1)
  2 komodo dragons
  A rime drake (IceCv)
  A kobold demonologist (D:10)
  2 trolls
  13 polar bears (IceCv)
  2 hornets
  5 blink frogs (Lair:2)
  A slime creature (D:10)
  2 dream sheep (Lair:1)
  Eustachio (D:5)
  41 yaks
  A basilisk (D:14)
  4 wargs
  A soldier ant (D:10)
  An acid dragon (D:14)
  5 water moccasins
  28 orc warriors
  4 black bears
  A hornet zombie (D:8)
  5 phantoms
  3 sky beasts
  15 ogres
  A necrophage (D:8)
  21 wolves
  A centaur (D:9)
  2 lemures (D:4)
  19 big kobolds
  15 bullfrogs
  2 gnoll sergeants
  4 scorpions
  6 killer bees (D:13)
  14 wights
  5 howler monkeys
  A quasit (D:9)
  6 centaur zombies
  6 hounds
  2 jellies
  17 orc priests
  5 centaur skeletons
  2 bullfrog skeletons
  Terence (D:2)
  5 iguanas
  22 orc wizards
  10 worker ants
  A hound zombie (D:5)
  Robin (D:2)
  9 gnolls
  10 adders
  A howler monkey skeleton (D:9)
  2 shadow imps
  A white imp (D:9)
  2 ufetubi
  2 oozes
  4 adder skeletons
  A worm (D:5)
  2 dart slugs
  5 leopard geckos
  86 orcs
  4 ball pythons
  3 bats (D:2)
  2 giant cockroaches
  13 goblins
  12 hobgoblins
  12 jackals
  25 kobolds
  3 quokkas
  5 frilled lizards
  2 jackal skeletons
  A leopard gecko skeleton (D:5)
  A quokka skeleton (D:9)
  10 rats
568 creatures vanquished.

Vanquished Creatures (collateral kills)
  2 polar bears (IceCv)
  A yak (IceCv)
3 creatures vanquished.

Vanquished Creatures (others)
  An orc wizard (D:14)
  43 fungi
  52 plants
96 creatures vanquished.

Grand Total: 667 creatures vanquished

Notes
Turn   | Place    | Note
-------+----------+-------------------------------------------
     0 | D:1      | zazu2006 the Naga Hedge Wizard began the quest for the Orb.
     0 | D:1      | Reached XP level 1. HP: 15/15 MP: 4/4
   292 | D:1      | Reached XP level 2. HP: 22/22 MP: 0/6
   911 | D:1      | Reached XP level 3. HP: 28/28 MP: 1/8
   916 | D:1      | Learned a level 3 spell: Conjure Flame
   920 | D:1      | Learned a level 3 spell: Mephitic Cloud
   923 | D:1      | Learned a level 2 spell: Blink
  1406 | D:2      | Noticed Robin
  1777 | D:2      | Killed Robin
  1777 | D:2      | Reached skill level 1 in Poison Magic
  1777 | D:2      | Reached XP level 4. HP: 7/37 MP: 0/9
  2204 | D:2      | Noticed Terence
  2222 | D:2      | Killed Terence
  2814 | D:2      | Reached XP level 5. HP: 43/43 MP: 9/11
  3767 | D:3      | Reached skill level 4 in Stealth
  4266 | D:4      | Noticed Zenkrye's ghost (amateur KoHu)
  4267 | D:4      | Found a runed translucent door.
  4382 | D:4      | Noticed an ogre
  4389 | D:4      | Killed an ogre
  4389 | D:4      | Reached XP level 6. HP: 7/50 MP: 7/12
  4663 | D:4      | Noticed Pikel
  5411 | D:4      | Reached skill level 1 in Fighting
  5411 | D:4      | Reached skill level 1 in Armour
  5645 | D:4      | Found a shimmering blue altar of Sif Muna.
  5962 | D:4      | Killed Pikel
  5962 | D:4      | Reached skill level 5 in Stealth
  5962 | D:4      | Reached skill level 1 in Air Magic
  5962 | D:4      | Reached XP level 7. HP: 27/57 MP: 9/13
  6317 | D:4      | Reached XP level 8. HP: 59/66 MP: 10/14
  6600 | D:5      | Entered Level 5 of the Dungeon
  6711 | D:5      | Noticed Eustachio
  6855 | D:5      | Killed Eustachio
  6855 | D:5      | Reached skill level 1 in Shields
  6855 | D:5      | Reached skill level 5 in Spellcasting
  8149 | D:6      | Found a staircase to the Ecumenical Temple.
  8157 | Temple   | Entered the Ecumenical Temple
  8187 | Temple   | Became a worshipper of Vehumet
  8316 | D:6      | Reached skill level 6 in Stealth
  8436 | D:6      | Reached XP level 9. HP: 54/73 MP: 17/17
  9057 | D:6      | HP: 3/73 [wight/+0 short sword (3)]
  9618 | D:6      | Found Uzxait's Antique Weapon Shoppe.
 10242 | D:7      | Noticed Joseph
 10266 | D:7      | Killed Joseph
 10290 | D:7      | Got a crude scale mail
 10291 | D:7      | Identified the +4 scale mail of Calculation {rC+} (You
                  | found it on level 7 of the Dungeon)
 10688 | D:7      | Found an opulent altar of Gozag.
 10688 | D:7      | Found a glowing silver altar of Zin.
 11224 | D:8      | Reached XP level 10. HP: 85/85 MP: 11/18
 11334 | D:8      | Noticed Maurice
 11395 | D:8      | Reached skill level 1 in Fire Magic
 11500 | D:8      | Killed Maurice
 11500 | D:8      | Reached skill level 5 in Long Blades
 11758 | D:8      | Reached * piety under Vehumet
 11758 | D:8      | Offered knowledge of Shock by Vehumet.
 11803 | D:8      | Learned a level 1 spell: Shock
 11833 | D:8      | Reached skill level 7 in Stealth
 12138 | D:8      | Found a staircase to the Lair.
 12190 | D:8      | Found a sparkling altar of Nemelex Xobeh.
 12942 | Lair:1   | Entered Level 1 of the Lair of Beasts
 12951 | Lair:1   | Identified 2 scrolls of acquirement
 13001 | Lair:1   | Noticed a torpor snail
 13034 | Lair:1   | Found a runed translucent gate.
 13034 | Lair:1   | Found a runed translucent gate.
 13034 | Lair:1   | Found a runed translucent gate.
 13035 | Lair:1   | Noticed jejorda2's ghost (journeyman MiGl)
 13110 | Lair:1   | Reached skill level 8 in Stealth
 13323 | Lair:1   | Got a steaming plate armour
 13441 | Lair:1   | Noticed a black mamba
 13450 | Lair:1   | Killed a black mamba
 13693 | Lair:1   | Reached skill level 5 in Shields
 13859 | Lair:1   | Killed a torpor snail
 13859 | Lair:1   | Reached XP level 11. HP: 93/93 MP: 14/20
 13899 | Lair:1   | Got a heavily runed iron ring
 14081 | Lair:1   | Noticed a seven-headed hydra
 14084 | Lair:1   | Identified the ring "Jaloreqo" {Int+2 Dex+2 SInv} (You
                  | found it on level 1 of the Lair of Beasts)
 14096 | Lair:1   | Killed a seven-headed hydra
 14096 | Lair:1   | Reached skill level 5 in Fighting
 14096 | Lair:1   | Reached skill level 9 in Stealth
 14096 | Lair:1   | Reached skill level 5 in Conjurations
 14871 | D:9      | Found a hide-covered altar of Uskayaw.
 14990 | D:9      | Found a staircase to the Orcish Mines.
 15004 | D:9      | Found a roughly hewn altar of Beogh.
 15015 | D:9      | Reached skill level 5 in Poison Magic
 15155 | D:9      | Noticed an unseen horror
 15169 | D:9      | Killed an unseen horror
 15222 | D:9      | Found a sacrificial altar of Ru.
 15850 | D:9      | Noticed a two-headed ogre
 15881 | D:9      | Found a basalt altar of Yredelemnul.
 15952 | D:9      | Reached ** piety under Vehumet
 15981 | D:9      | Offered knowledge of Sandblast by Vehumet.
 16212 | D:9      | Killed a two-headed ogre
 16339 | D:9      | Found a white marble altar of Elyvilon.
 16541 | D:10     | Entered Level 10 of the Dungeon
 16627 | D:10     | Offered knowledge of Ignite Poison by Vehumet.
 16735 | D:10     | Reached *** piety under Vehumet
 17166 | D:10     | Reached XP level 12. HP: 99/104 MP: 13/22
 17812 | D:10     | Got a coiled tin ring
 17824 | D:10     | Identified the Catalogue of the Flying Mountains
 17933 | D:10     | Offered knowledge of Hailstorm by Vehumet.
 17940 | D:10     | Learned a level 4 spell: Hailstorm
 18250 | D:10     | Noticed a two-headed ogre
 18261 | D:10     | Killed a two-headed ogre
 18617 | Orc:1    | Entered Level 1 of the Orcish Mines
 18746 | Orc:1    | Found a roughly hewn altar of Beogh.
 18816 | Orc:1    | Found a roughly hewn altar of Beogh.
 19166 | Orc:1    | Reached **** piety under Vehumet
 19178 | Orc:1    | Offered knowledge of Sticky Flame by Vehumet.
 19419 | Orc:2    | Entered Level 2 of the Orcish Mines
 19487 | Orc:2    | Found a roughly hewn altar of Beogh.
 19549 | Orc:1    | Reached skill level 10 in Stealth
 20407 | Orc:2    | Found a roughly hewn altar of Beogh.
 20425 | Orc:2    | Found Joubb's Jewellery Emporium.
 20624 | Orc:2    | Bought a cursed amulet of inaccuracy for 30 gold pieces
 20663 | Orc:2    | Found a roughly hewn altar of Beogh.
 21110 | Orc:1    | Learned a level 5 spell: Bolt of Magma
 21674 | Orc:2    | Found a roughly hewn altar of Beogh.
 21675 | Orc:2    | Found Ahanunul's General Store.
 21774 | Orc:2    | Found a staircase to the Elven Halls.
 21966 | Orc:2    | Noticed Saint Roka
 22164 | Lair:2   | Found a frozen archway.
 22399 | IceCv    | Entered an ice cave
 22765 | IceCv    | Reached skill level 11 in Stealth
 22777 | IceCv    | Reached ***** piety under Vehumet
 22857 | IceCv    | Offered knowledge of Fulminant Prism by Vehumet.
 23047 | IceCv    | Noticed a death yak
 23199 | IceCv    | Killed a death yak
 23199 | IceCv    | Reached skill level 5 in Fire Magic
 23199 | IceCv    | Gained mutation: You can use your snake-like lower body to
                  | constrict enemies. [Naga growth]
 23199 | IceCv    | Reached XP level 13. HP: 69/112 MP: 24/24
 23401 | IceCv    | Reached skill level 5 in Dodging
 23652 | IceCv    | Reached skill level 12 in Stealth
 24293 | IceCv    | Noticed a frost giant
 24341 | IceCv    | Killed a frost giant
 24341 | IceCv    | Reached skill level 10 in Long Blades
 24429 | IceCv    | Reached skill level 1 in Evocations
 24867 | Lair:2   | Identified the ring of Rationality {rPois rCorr Str+4
                  | Int+4} (You found it on level 10 of the Dungeon)
 26312 | D:11     | Noticed Harold
 26319 | D:11     | Reached skill level 1 in Earth Magic
 26330 | D:11     | Killed Harold
 26641 | D:11     | Found a basalt altar of Yredelemnul.
 26952 | D:11     | Noticed Fannar
 26960 | D:11     | Killed Fannar
 27179 | D:12     | Reached skill level 5 in Armour
 27293 | D:12     | Reached skill level 13 in Stealth
 27801 | D:12     | Reached XP level 14. HP: 122/123 MP: 24/26
 27930 | D:12     | Found a stormy altar of Qazlal.
 28145 | D:13     | Noticed Jorgrun
 28342 | D:13     | Killed Jorgrun
 29147 | D:14     | Offered knowledge of Conjure Ball Lightning by Vehumet.
 29269 | D:14     | Found Cetom's General Store.
 29321 | D:14     | Found a shimmering blue altar of Sif Muna.
 29418 | D:14     | Noticed Roxanne
 29455 | D:14     | Found Guchig's Distillery.
 29456 | D:14     | Found Mehy's Antique Weapon Emporium.
 29462 | D:14     | Noticed Frances
 29473 | D:14     | Killed Frances
 29772 | D:14     | HP: 5/126 [skeletal warrior/+0 war axe (11)]
 29773 | D:14     | Killed from afar by a meliai

Illustrated notes

Levels and vault maps discovered:
D:1:      psy_arrival_heroes, layout_loops_corners
D:2:      layout_basic, uniq_terence, uniq_robin
D:3:      layout_basic, minmay_fractal_squares_gapless_5
D:4:      wad_crossroads, layout_loops_ring, led_sif_pool,
          hellmonk_ghost_happy_afterlife, serial_co_window_serial,
          co_window_paths_b, co_window_paths_b, co_window_corner_a,
          co_window_paths_b, co_window_paths_a, co_window_paths_c,
          co_window_2corner, co_window_cross_2, glass_columns_b,
          glass_columns_a, supply_closet_lemuel, kennysheep_generic_room_14,
          uniq_pikel
D:5:      layout_gridville, uniq_eustachio
D:6:      layout_basic, minmay_temple_entry_statues_pillars, serial_shops,
          kennysheep_little_box
D:7:      layout_rooms, grunt_temple_overflow_gold_and_silver, uniq_joseph
D:8:      layout_layer_cave, due_lair_maze_entry_diamond, basic_altar,
          uniq_maurice
D:9:      layout_gridville, kennysheep_ying_yang, old_standard_altar,
          eat_drink_and_be_merry_uskayaw, minmay_orc_entry_temple_small
D:10:     minmay_blocky_corners, layout_basic, special_room
          [special_room_kobold]
D:11:     layout_long_grid, basic_altar, uniq_harold, uniq_fannar
D:12:     layout_cave_pools, nicolae_qazlal_general_emergency
D:13:     layout_rooms, uniq_jorgrun
D:14:     layout_loops_ring, david_vaults_4, serial_shops, kennysheep_mini_moat,
          nicolae_shop_crystal, shop, shop, nicolae_shop_overgrown_old_shop,
          basic_altar, eino_jars, uniq_frances, uniq_roxanne
Temple:   bh_familiar_temple
Lair:1:   layout_regular_city, ebering_ghost_rock_garden
Lair:2:   layout_layer_cave, portal_ice_cave_entry_pillars_1
Orc:1:    layout_caves, gammafunk_ghost_smash, basic_altar,
          nicolae_orc_pool_cavern, minmay_orc_temple_a
Orc:2:    grunt_orc_community_town_hall, layout_caves,
          grunt_orc_community_big_house_1, grunt_orc_community_big_house_2,
          grunt_orc_community_house_3, grunt_orc_community_house_2,
          grunt_orc_community_house_3, grunt_orc_community_house_1,
          grunt_orc_community_house_3, grunt_orc_community_house_2

Skill      XL: |  1  2  3  4  5  6  7  8  9 10 11 12 13 14 |
---------------+-------------------------------------------+-----
Dodging        | 2 3 4 5 |  5.5
Poison Magic   | 1 2 4 5 6 |  6.5
Spellcasting   | 4 5 6 7 8 |  8.6
Conjurations   | 2 3 4 5 6 |  6.6
Stealth        | 4 5 6 8 9 11 13 | 13.5
Fighting       | 1 2 4 5 6 7 8 |  8.2
Armour         | 2 3 4 5 |  5.6
Long Blades    | 2 3 4 6 8 9 10 11 | 11.7
Air Magic      | 1 2 3 |  3.7
Shields        | 2 3 5 6 |  6.1
Fire Magic     | 1 3 5 |  5.4
Translocations | 2 |  2.9
Evocations     | 1 |  1.4
Earth Magic    | 1 |  1.3
Summonings     | |  1.0
Ice Magic      | |  0.1

Action                   |  1- 3 |  4- 6 |  7- 9 | 10-12 | 13-15 || total
-------------------------+-------+-------+-------+-------+-------++-------
Melee: Dagger            |    29 |    30 |       |       |       ||    59
       Falchion          |       |    59 |   137 |       |       ||   196
       Scimitar          |       |       |    90 |   868 |   544 ||  1502
       Constrict         |       |       |       |       |   112 ||   112
Throw: Dart              |       |     9 |    11 |    15 |       ||    35
 Cast: Magic Dart        |    70 |   118 |   176 |   109 |     4 ||   477
       Mephitic Cloud    |       |    15 |    17 |    89 |    44 ||   165
       Blink             |       |       |     6 |    11 |    14 ||    31
       Conjure Flame     |       |       |     2 |    16 |    10 ||    28
       Shock             |       |       |       |    12 |       ||    12
       Hailstorm         |       |       |       |     3 |     2 ||     5
       Bolt of Magma     |       |       |       |     1 |    12 ||    13
 Abil: Spit Poison       |    17 |    22 |    10 |    15 |       ||    64
Evoke: Wand              |       |       |    28 |     2 |     1 ||    31
       Box of beasts     |       |       |       |     3 |       ||     3
       Phial of floods   |       |       |       |     1 |     1 ||     2
       Lightning rod     |       |       |       |       |     1 ||     1
       Tin of tremorston |       |       |       |       |     1 ||     1
  Use: Potion            |     1 |     2 |       |     2 |     2 ||     7
       Scroll            |       |       |     4 |    11 |     2 ||    17
 Stab: Sleeping          |       |     2 |     7 |     8 |     9 ||    26
       Confused          |       |    10 |    13 |    60 |    28 ||   111
       Paralysed         |       |       |     4 |       |       ||     4
       Distracted        |       |       |       |     1 |     2 ||     3
Armor: Robe              |    10 |     1 |       |       |       ||    11
       Skin              |    33 |       |       |       |       ||    33
       Leather armour    |       |    40 |    53 |   310 |    63 ||   466
       Ring mail         |       |       |       |       |   134 ||   134
Dodge: Dodged            |    39 |    68 |   108 |   371 |   194 ||   780
Block: Buckler           |       |       |     4 |   181 |   101 ||   286
       Rpst.: Falchion   |       |     9 |    17 |       |       ||    26
       Scimitar          |       |       |    12 |    95 |    49 ||   156

Table legend: (Time is in decaauts)
 A = Elapsed time spent in this place.
 B = Non-inter-level travel time spent in this place.
 C = Inter-level travel time spent in this place.
 D = Time resting spent in this place.
 E = Time spent auto-exploring this place.
 F = Levels seen in this place.
 G = Mean time per level.
                   A        B        C        D        E       F      G
               +--------+--------+--------+--------+--------+-----+--------+
         Total |  34521 |  33632 |    889 |   7986 |  18942 |  20 | 1726.1 |
       Dungeon |  24411 |  23695 |    716 |   3157 |  16027 |  14 | 1743.6 |
        Temple |     63 |     39 |     24 |      0 |     34 |   1 |   63.0 |
          Lair |   3624 |   3492 |    132 |   1647 |   1255 |   2 | 1812.0 |
  Orcish Mines |   3801 |   3785 |     16 |   1405 |   1558 |   2 | 1900.5 |
      Ice Cave |   2620 |   2620 |      0 |   1776 |     67 |   1 | 2620.0 |
               +--------+--------+--------+--------+--------+-----+--------+

Top non-repeatable levels by time:
   IceCv: 2620 daAuts
     D:4: 2507 daAuts
     D:8: 2484 daAuts
    D:10: 2457 daAuts
  Lair:1: 2401 daAuts
   Orc:1: 2178 daAuts
     D:6: 2122 daAuts
     D:9: 2120 daAuts
     D:2: 1916 daAuts
     D:1: 1780 daAuts
    D:11: 1726 daAuts
     D:5: 1672 daAuts
   Orc:2: 1622 daAuts
     D:3: 1596 daAuts
     D:7: 1273 daAuts
